 Dungeon Crawl Stone Soup version 0.21.1-1-g345015f (webtiles) character file.

1897 shakethe the Cleaver (level 9, 0/64 HPs)
             Began as a Formicid Fighter on Feb 7, 2018.
             Was an Elder of Zin.
             Slain by a yak (4 damage)
             ... on level 8 of the Dungeon.
             The game lasted 00:22:30 (6607 turns).

shakethe the Cleaver (Formicid Fighter)             Turns: 6607, Time: 00:22:30

Health: 0/64       AC: 18    Str: 21    XL:     9   Next: 37%
Magic:  12/12      EV:  2    Int: 11    God:    Zin [****..]
Gold:   339        SH:  0    Dex: 13    Spells: 8/8 levels left

rFire    + . .     SeeInvis +   a - +0 war axe
rCold    + . .     Gourm    .   c - +1 shield
rNeg     + + +     Faith    +   G - +8 chain mail of the Lost Path {Int+3}
rPois    ∞         Spirit   .   (helmet unavailable)
rElec    .         Reflect  .   x - scarf {rC+ rF+}
rCorr    +         Harm     .   y - +0 pair of gloves (curse)
MR       .....                  (no boots)
Stlth    ..........             u - amulet of faith
HPRegen  0.20/turn              g - ring of positive energy
MPRegen  0.13/turn              F - ring of resist corrosion

@: petrified
A: permanent stasis, dig shafts and tunnels, four strong arms, antennae 3
a: Dig, Shaft Self, Recite, Vitalisation, Imprison, Donate Gold, Renounce
Religion


You were on level 8 of the Dungeon.
You worshipped Zin.
Zin was greatly pleased with you.
You were not hungry.

You visited 1 branch of the dungeon, and saw 8 of its levels.
You also visited: Ossuary.

You collected 376 gold pieces.
You donated 37 gold pieces to Zin.

Inventory:

Hand Weapons
 a - a +0 war axe (weapon)
Armour
 b - a +0 scale mail
 c - a +1 shield (worn)
 l - a +0 cloak
 x - a scarf of resistance (worn)
 y - a cursed +0 pair of gloves (worn)
 A - a cursed -2 pair of gloves
 G - the +8 chain mail of the Lost Path (worn) {Int+3}
   (You took it off an orc on level 6 of the Dungeon)

   It affects your intelligence (+3).
Jewellery
 g - a ring of positive energy (left hand)
 h - an uncursed ring of flight
 j - an uncursed ring of ice
 t - an uncursed ring of stealth
 u - an amulet of faith (around neck)
 F - a ring of resist corrosion (right hand)
Wands
 i - a wand of random effects (30)
 z - a wand of iceblast (8)
 I - a wand of acid (10)
Scrolls
 e - 13 scrolls of identify
 n - 3 scrolls of teleportation
 o - 2 scrolls of enchant armour
 p - a scroll of fear {unknown}
 v - 5 scrolls of remove curse
 B - 4 scrolls of magic mapping {unknown}
 C - a scroll of enchant weapon {unknown}
 E - a scroll of fog
Potions
 d - 3 potions of might
 k - 8 potions of curing
 m - 3 potions of flight {unknown}
 q - a potion of berserk rage {unknown}
 r - a potion of heal wounds {unknown}
 s - 3 potions of brilliance {unknown}
 w - 2 potions of agility {unknown}
 D - a potion of degeneration {unknown}
 H - a potion of haste {unknown}
Comestibles
 f - 12 rations
 J - 2 chunks of flesh


   Skills:
 - Level 3.4 Fighting
 * Level 9.2 Axes
 - Level 3.2 Armour
 + Level 8.4 Shields
 - Level 4.1 Invocations


You had 8 spell levels left.
You didn't know any spells.

Dungeon Overview and Level Annotations

Branches:
Dungeon (8/15)               Lair (0/6) D:8
 Temple: D:4-7

Altars:
Cheibriados
Fedhas
Gozag
Nemelex Xobeh
Qazlal
Ru
Vehumet
Xom
Yredelemnul
Zin

Annotations:
D:8 Grum


Innate Abilities, Weirdness & Mutations

You cannot be hasted, slowed, berserked, paralysed or teleported.
You can dig through walls and to a lower floor.
Your four strong arms can wield two-handed weapons with a shield.
You have a pair of large antennae on your head. (SInv)


Message History

The hippogriff claws you but does no damage.
The frilled lizard bites you but does no damage.
The bullfrog hits you but does no damage.
The crocodile bites you but does no damage.
The yak gores you.
* * * LOW HITPOINT WARNING * * *
The basilisk bites you!
* * * LOW HITPOINT WARNING * * *
The bullfrog hits you.
* * * LOW HITPOINT WARNING * * *
The hippogriff bites you but does no damage.
The hippogriff pecks you but does no damage.
The hippogriff claws you but does no damage.
The frilled lizard bites you but does no damage.
The crimson imp blinks!
The crocodile bites you.
* * * LOW HITPOINT WARNING * * *
The bullfrog hits you but does no damage.
The yak gores you!
You die...

#.......# .#
##..P..P.##.#
.#.......$.#.#
..[..........
#...5.>.....
##......hO.#
........Hlt#
#....ll@#
#..P.OYF#
##...oO##
##.o.###..<......
#...## #........#
#o.## #........#
#.## #...)....#
#.### #..J.....#
#...## #........#


You could see a two-headed ogre, a hippogriff, a yak, a basilisk, an orc
warrior, a crocodile, 2 ogres, a wolf, a bullfrog, a crimson imp, 2 orcs, a
leopard gecko and a frilled lizard.

Vanquished Creatures
  A hippogriff (D:7)
  A wraith (Ossuary)
  2 sky beasts
  An ice beast (D:6)
  A phantom (D:5)
  An ogre (D:5)
  A centaur (D:5)
  5 bullfrogs
  A scorpion (D:6)
  2 crimson imps (D:7)
  A hound (D:4)
  A bullfrog zombie (D:7)
  A human zombie (Ossuary)
  A bullfrog skeleton (D:6)
  An orc priest (D:7)
  A jelly (D:7)
  2 orc wizards
  3 worker ants
  3 mummies (Ossuary)
  7 gnolls
  2 howler monkey skeletons (D:5)
  5 adders
  3 shadow imps
  An ooze (D:4)
  An adder zombie (D:6)
  An adder skeleton (D:5)
  6 worms
  4 leopard geckos
  10 orcs
  A ball python (D:4)
  7 bats
  6 giant cockroaches
  9 goblins
  5 hobgoblins
  6 jackals
  3 quokkas
  6 frilled lizards
  5 goblin zombies (Ossuary)
  2 hobgoblin zombies (Ossuary)
  5 kobolds
  2 kobold zombies (Ossuary)
  An orc zombie (Ossuary)
  10 rats
138 creatures vanquished.

Notes
Turn   | Place    | Note
-------+----------+-------------------------------------------
     0 | D:1      | shakethe the Formicid Fighter began the quest for the Orb.
     0 | D:1      | Reached XP level 1. HP: 18/18 MP: 1/1
   128 | D:1      | Reached XP level 2. HP: 24/24 MP: 2/2
   348 | D:1      | Reached XP level 3. HP: 21/29 MP: 3/3
   451 | D:1      | Reached skill level 3 in Axes
   852 | D:2      | Reached XP level 4. HP: 23/35 MP: 4/4
  1013 | D:2      | Found a basalt altar of Yredelemnul.
  1623 | D:3      | Found a snail-covered altar of Cheibriados.
  1654 | D:3      | Found a shimmering altar of Xom.
  1976 | D:3      | Found a glowing silver altar of Zin.
  1976 | D:3      | Found an opulent altar of Gozag.
  1976 | D:3      | Noticed a bullfrog
  1981 | D:3      | Killed a bullfrog
  1981 | D:3      | Reached skill level 4 in Axes
  1981 | D:3      | Reached XP level 5. HP: 34/41 MP: 5/5
  2002 | D:3      | Became a worshipper of Zin the Law-Giver
  2002 | D:3      | Reached * piety under Zin
  2116 | D:4      | Found a stormy altar of Qazlal.
  2196 | D:4      | Reached skill level 5 in Shields
  2435 | D:4      | Reached XP level 6. HP: 45/47 MP: 6/6
  2441 | D:4      | Reached skill level 5 in Axes
  2675 | D:4      | Found a blossoming altar of Fedhas.
  3129 | D:5      | Entered Level 5 of the Dungeon
  3305 | D:5      | Found a radiant altar of Vehumet.
  3380 | D:5      | Reached ** piety under Zin
  3445 | D:5      | Noticed an ogre
  3449 | D:5      | Killed an ogre
  3449 | D:5      | Reached skill level 1 in Invocations
  3449 | D:5      | Reached XP level 7. HP: 44/52 MP: 7/7
  3657 | D:6      | Found a sacrificial altar of Ru.
  3822 | D:6      | Found a sand-covered staircase.
  3828 | Ossuary  | Entered an ossuary
  3828 | Ossuary  | Noticed a wraith
  3828 | Ossuary  | Noticed a wraith
  3828 | Ossuary  | Noticed a wraith
  3893 | Ossuary  | Reached skill level 6 in Axes
  3934 | Ossuary  | Reached *** piety under Zin
  4208 | Ossuary  | Noticed a wraith
  4218 | Ossuary  | Killed a wraith
  4539 | D:6      | Reached XP level 8. HP: 37/58 MP: 9/9
  4661 | D:6      | Reached skill level 7 in Axes
  5359 | D:5      | Reached **** piety under Zin
  5550 | D:5      | Reached skill level 8 in Axes
  6114 | D:6      | Got a scorched chain mail
  6115 | D:6      | Identified the +8 chain mail of the Lost Path {Int+3} (You took it off an orc on level 6 of the Dungeon)
  6278 | D:7      | Reached XP level 9. HP: 61/64 MP: 10/12
  6320 | D:7      | Noticed a hippogriff
  6330 | D:7      | Killed a hippogriff
  6349 | D:7      | Found a sparkling altar of Nemelex Xobeh.
  6456 | D:7      | Reached skill level 9 in Axes
  6584 | D:8      | Noticed Grum
  6584 | D:8      | Noticed a two-headed ogre
  6596 | D:8      | Found a staircase to the Lair.
  6596 | D:8      | Noticed a hippogriff
  6607 | D:8      | Slain by a yak

Skill      XL: |  1  2  3  4  5  6  7  8  9 |
---------------+----------------------------+-----
Shields        | 4 5 6 7 8 |  8.4
Axes           | 3 4 5 6 8 9 |  9.2
Invocations    | 1 4 |  4.1
Fighting       | |  3.4
Armour         | |  3.2

Action                   |  1- 3 |  4- 6 |  7- 9 || total
-------------------------+-------+-------+-------++-------
Melee: War axe           |   120 |   158 |   297 ||   575
Invok: Vitalisation      |       |       |     2 ||     2
  Use: Scroll            |       |     1 |     6 ||     7
  Eat: Chunk             |       |     8 |     4 ||    12
       Ration            |       |       |     2 ||     2
Armor: Scale mail        |    59 |    59 |    53 ||   171
       Chain mail        |       |       |    73 ||    73
Dodge: Dodged            |    44 |    43 |    90 ||   177
Block: Shield            |    67 |    94 |   174 ||   335
